 Dungeon Crawl Stone Soup version 0.28.0-53-g5a82cb258f (webtiles) character file.

Game seed: 4582704631000896544

79 Eitelfritz the Poker (level 4, 0/34 HPs)
             Began as a Merfolk Gladiator on June 24, 2022.
             Slain by an adder (4 damage)
             ... on level 2 of the Dungeon.
             The game lasted 00:03:20 (1884 turns).

Eitelfritz the Poker (Merfolk Gladiator)            Turns: 1884, Time: 00:03:21

Health: 0/34       AC:  4    Str: 14    XL:     4   Next: 38%
Magic:  4/4        EV: 13    Int:  9    God:
Gold:   55         SH:  0    Dex: 15    Spells: 3/3 levels left

rFire   . . .      SeeInvis .   a - +0 trident
rCold   . . .      Faith    .   (no shield)
rNeg    . . .      Spirit   .   b - +0 leather armour
rPois   .          Reflect  .   c - +0 helmet
rElec   .          Harm     .   (no cloak)
rCorr   .          Rampage  .   (no gloves)
Will    .....                   (no boots)
Stlth   +.........              (no amulet)
HPRegen 0.11/turn               (no ring)
MPRegen 0.09/turn               (no ring)

@: lethally poisoned (0 -> -5)
A: (nimble swimmer 2), mertail
a: no special abilities


You were on level 2 of the Dungeon.
You visited 1 branch of the dungeon, and saw 3 of its levels.

You collected 55 gold pieces.

Inventory:

Hand Weapons
 a - a +0 trident (weapon)
Missiles
 d - 3 throwing nets (quivered)
Armour
 b - a +0 leather armour (worn)
 c - a +0 helmet (worn)
Scrolls
 e - a scroll of blinking {unknown}
Potions
 f - 2 potions of mutation {unknown}
 g - a potion of curing {unknown}


   Skills:
 + Level 2.9 Fighting
 + Level 5.8 Polearms
 + Level 2.1 Throwing
 + Level 0.8 Armour
 + Level 4.5 Dodging
 + Level 0.4 Stealth


You had 3 spell levels left.
You didn't know any spells.
Your spell library was empty.

Dungeon Overview and Level Annotations

Branches:
Dungeon (3/15)

Altars:


Innate Abilities, Weirdness & Mutations

((You are very nimble when in or above water. (Stealth+, EV+, Speed+++)))
Your lower body shifts to a powerful aquatic tail in water.


Message History

The adder bites you.
You are poisoned.
The adder poisons you! The goblin hits you with a +0 dagger.
You closely miss the adder.
The adder is moderately wounded.
You feel sick. The adder barely misses you. The goblin misses you.
The adder barely misses you.
You closely miss the adder.
The adder is moderately wounded.
You feel sick. The adder barely misses you.
The goblin hits you but does no damage.
You closely miss the adder.
The adder is moderately wounded.
You feel sick. The adder bites you.
You are more poisoned.
The adder poisons you! The goblin misses you. The adder barely misses you.
You closely miss the adder.
The adder is moderately wounded.
You feel sick. The goblin hits you but does no damage. The adder misses you.
You hit the adder but do no damage.
The adder is moderately wounded.
You feel sick. The adder bites you.
You are more poisoned.
The adder poisons you! The goblin closely misses you.
You miss the adder.
The adder is moderately wounded.
You feel sick. The adder bites you.
* * * LOW HITPOINT WARNING * * *
The goblin hits you with a +0 dagger.
* * * LOW HITPOINT WARNING * * *
You hit the adder but do no damage.
The adder is moderately wounded.
* * * LOW HITPOINT WARNING * * *
You feel sick. The adder closely misses you. The goblin barely misses you.
The adder misses you.
You barely miss the adder.
The adder is moderately wounded.
* * * LOW HITPOINT WARNING * * *
You feel sick. The adder bites you.
You die...

........##.# #. #.......#
#.######.#### #....###'##
###.##......#
###...........#
#...............#
####...............#
#..........g@.##.......
####......#...S..##.######
..........#..........
........=...##.####...
..........# #. .....
.......<..# ## ..#.#.
..........# ......
..........# #######.###


You could see an adder and a goblin.

Vanquished Creatures
  Jessica (D:2)
  2 adders
  A dart slug (D:3)
  3 bats
  A giant cockroach (D:3)
  2 goblins (D:1)
  5 hobgoblins
  8 kobolds
  A quokka (D:1)
  3 ball pythons (D:1)
  4 frilled lizards
  5 rats
36 creatures vanquished.

Vanquished Creatures (others)
  10 plants (D:1)
10 creatures vanquished.

Grand Total: 46 creatures vanquished

Notes
Turn   | Place    | Note
-------+----------+-------------------------------------------
     0 | D:1      | Eitelfritz the Merfolk Gladiator began the quest for the
                  | Orb.
     0 | D:1      | Reached XP level 1. HP: 16/16 MP: 1/1
   243 | D:1      | Reached XP level 2. HP: 23/23 MP: 2/2
   757 | D:1      | Reached skill level 5 in Polearms
   757 | D:1      | Reached XP level 3. HP: 28/28 MP: 3/3
   885 | D:2      | You fall into a shaft and drop 1 floor!
  1392 | D:2      | Noticed Jessica
  1406 | D:2      | Killed Jessica
  1407 | D:2      | Reached XP level 4. HP: 16/34 MP: 4/4
  1884 | D:2      | Slain by an adder

Illustrated notes

Levels and vault maps discovered:
D:1:      tarquinn_simple_flora_water_e, layout_loops_ring,
          lexackson_kobold_supper
D:2:      layout_basic, dreamdust_ecumenical_altar_sealed_demon, uniq_sigmund,
          uniq_jessica
D:3:      layout_loops_corners, kennysheep_cluttered_room, uniq_robin

Skill      XL: |  1  2 |
---------------+-------+-----
Polearms       | 5 |  5.8
Fighting       | |  2.9
Throwing       | |  2.1
Armour         | |  0.8
Dodging        | |  4.5
Stealth        | |  0.4

Action                   |  1- 3 |  4- 6 || total
-------------------------+-------+-------++-------
Melee: Trident           |   132 |    29 ||   161
       Punch             |     3 |       ||     3
 Stab: Sleeping          |     2 |       ||     2
Armor: Leather armour    |    34 |    12 ||    46
Dodge: Dodged            |    88 |    24 ||   112
